 Dungeon Crawl Stone Soup version 0.17.0-56-gd8de76c (webtiles) character file.

251 gorblad the Skirmisher (level 5, -3/46 HPs)
             Began as a Draconian Gladiator on Dec 5, 2015.
             Killed by nerve-wracking pain
             ... invoked by Grinder
              (6 damage)
             ... on level 4 of the Dungeon.
             The game lasted 00:10:15 (2623 turns).

gorblad the Skirmisher (Draconian Gladiator)        Turns: 2623, Time: 00:10:15

Health: -3/46      AC:  5    Str: 19    XL:     5   Next: 88%
Magic:  5/5        EV: 14    Int: 12    God:
Gold:   87         SH:  0    Dex: 14    Spells: 0 memorised, 4 levels left

rFire  . . .     SeeInvis .     a - +1 war axe
rCold  . . .     Clarity  .     (armour unavailable)
rNeg   + + .     SustAt   .     (no shield)
rPois  .         Gourm    .     b - +0 hat
rElec  .         Spirit   .     (no cloak)
rCorr  .         Warding  .     (no gloves)
rMut   .         Stasis   .     (no boots)
MR     .....                    (no amulet)
Stlth  ++........               n - ring of positive energy
                                r - ring "Xoulaimm" {rN+ Int+4 Dex+3 Slay+3}

@: not resistant to hostile enchantments, unstealthy
A: unfitting armour, cold-blooded, MP-powered wands, AC +5
a: no special abilities


You were on level 4 of the Dungeon.
You were not hungry.

You visited 1 branch of the dungeon, and saw 4 of its levels.

You collected 182 gold pieces.
You spent 95 gold pieces at shops.

Inventory:

Hand Weapons
 a - a +1 war axe (weapon)
Missiles
 c - 3 throwing nets (quivered)
Armour
 b - a +0 hat (worn)
Jewellery
 k - a +2 ring of intelligence
 n - a ring of positive energy (right hand)
 r - the ring "Xoulaimm" (left hand) {rN+ Int+4 Dex+3 Slay+3}
   (You bought it in a shop on level 4 of the Dungeon)

   [ring of dexterity]

   It affects your intelligence (+4).
   It affects your dexterity (+3).
   It affects your accuracy and damage with ranged weapons and melee attacks
   (+3).
   It protects you from negative energy.
 v - an uncursed ring of flight {unknown}
Wands
 p - a wand of slowing (4)
 x - a wand of slowing (31)
Scrolls
 f - a scroll of identify
 g - a scroll of amnesia
 j - 2 scrolls of recharging
 s - a scroll of enchant armour {unknown}
 t - 2 scrolls of teleportation
 u - 2 scrolls of remove curse {unknown}
 y - a scroll of noise {unknown}
Potions
 e - a potion of curing {unknown}
 h - a potion of lignification {unknown}
 A - a potion of brilliance {unknown}
Comestibles
 d - a bread ration
 i - 2 slices of pizza
 l - 2 chunks of flesh
 m - a beef jerky
 o - a royal jelly
 w - a meat ration


   Skills:
 * Level 4.1 Fighting
 + Level 3.7 Axes
 - Level 1.7 Throwing
 * Level 4.1 Dodging
 + Level 2.2 Stealth


You had 4 spell levels left.
You didn't know any spells.

Dungeon Overview and Level Annotations

Branches:
Dungeon (4/15)
 Temple: D:4-7

Altars:
Ashenzari
Cheibriados
Nemelex Xobeh

Shops:
D:4 *%*

Annotations:
D:4 Grinder


Innate Abilities, Weirdness & Mutations

Your plain brown scales are hard (AC +5).
Your body does not fit into most forms of armour.
You are cold-blooded and may be slowed by cold attacks.
You expend magic power (3 MP) to strengthen your wands.


Message History

You closely miss Grinder.
Grinder is lightly wounded.
Grinder hits you. Grinder misses you.
You hit Grinder. You kick Grinder, but do no damage.
Grinder is moderately wounded.
Grinder grins, showing sharp teeth.
Grinder gestures at you. Pain shoots through your body!
* * * LOW HITPOINT WARNING * * *
Grinder closely misses you.
Drink which item? (? for menu, Esc to quit)
It was a potion of cure mutation.
It has a very clean taste.
Your skin no longer functions as natural camouflage.
You no longer feel jittery.
You feel healthier.
Your hooves expand and flesh out into feet!
You feel stupid. Grinder barely misses you. Grinder gestures at you.
Pain shoots through your body!
You die...

#.##.# #.##.#
#....# ##.#
###).# .#.# #..#
.#.# #..# .#.#
#..# .#.#
#############..#
.#.#
#.......5@.....#
.#.#
#.#########...##
...# #.# #.###
.### #.# #.# .#
#.# #.# .# #.#
#.# .# #.# #.#
.# #.# #.# .#
#.# #.#


You could see Grinder.

Vanquished Creatures
  A hound (D:4)
  2 orc wizards (D:3)
  2 gnolls (D:2)
  5 adders
  An ooze (D:2)
  3 worms
  A giant gecko (D:1)
  6 orcs
  2 ball pythons (D:1)
  6 bats
  10 goblins
  4 hobgoblins
  8 jackals
  9 kobolds
  2 quokkas (D:4)
  3 giant cockroaches
  A giant gecko skeleton (D:4)
  2 giant newts (D:2)
  9 rats
77 creatures vanquished.

Notes
Turn   | Place    | Note
--------------------------------------------------------------
     0 | D:1      | gorblad the Draconian Gladiator began the quest for the Orb.
     0 | D:1      | Reached XP level 1. HP: 17/17 MP: 1/1
   124 | D:1      | Reached XP level 2. HP: 20/25 MP: 2/2
   577 | D:1      | Reached XP level 3. HP: 28/30 MP: 3/3
   745 | D:2      | Reached skill level 1 in Stealth
   998 | D:2      | Reached XP level 4. HP: 24/38 MP: 4/4
  1108 | D:2      | Found a snail-covered altar of Cheibriados.
  1317 | D:3      | Gained mutation: You can translocate small distances at will. [potion of mutation]
  1317 | D:3      | Gained mutation: Your body sometimes deteriorates upon taking damage. [potion of mutation]
  1317 | D:3      | Gained mutation: Your mind is acute. (Int +2) [potion of mutation]
  1321 | D:3      | Reached XP level 5. HP: 4/45 MP: 5/5
  2027 | D:3      | Found a shattered altar of Ashenzari.
  2042 | D:3      | Reached skill level 4 in Dodging
  2313 | D:4      | Found Awey's Assorted Antiques.
  2319 | D:4      | Bought a fine marble ring for 95 gold pieces
  2319 | D:4      | Identified the ring "Xoulaimm" {rN+ Int+4 Dex+3 Slay+3} (You bought it in a shop on level 4 of the Dungeon)
  2324 | D:4      | Found a sparkling altar of Nemelex Xobeh.
  2462 | D:4      | Gained mutation: You have large cloven feet. [potion of mutation]
  2462 | D:4      | Gained mutation: Your skin changes colour to match your surroundings (Stealth). [potion of mutation]
  2468 | D:4      | Found Roaph's Food Shoppe.
  2506 | D:4      | Found Doicsiople's General Store.
  2568 | D:4      | Gained mutation: You expend magic power (3 MP) to strengthen your wands. [potion of mutation]
  2600 | D:4      | Noticed Grinder
  2603 | D:4      | Paralysed by Grinder for 7 turns
  2623 | D:4      | Lost mutation: Your skin changes colour to match your surroundings (Stealth). [potion of cure mutation]
  2623 | D:4      | Lost mutation: You can translocate small distances at will. [potion of cure mutation]
  2623 | D:4      | Lost mutation: Your body sometimes deteriorates upon taking damage. [potion of cure mutation]
  2623 | D:4      | Lost mutation: You have large cloven feet. [potion of cure mutation]
  2623 | D:4      | Lost mutation: Your mind is acute. (Int +2) [potion of cure mutation]
  2623 | D:4      | Killed from afar by Grinder

Action                   |  1- 3 |  4- 6 || total
-------------------------+-------+-------++-------
Melee: War axe           |   131 |   110 ||   241
  Use: Scroll            |     4 |     5 ||     9
       Potion            |     1 |     6 ||     7
 Stab: Sleeping          |     1 |       ||     1
  Eat: Chunk             |     1 |     5 ||     6
